 Dungeon Crawl Stone Soup version 0.29-a0-666-g26d293caef (webtiles) character file.

Game seed: 14921364230690374024

863 KristoblXynda the Skirmisher (level 7, -1/62 HPs)
             Began as a Purple Draconian Berserker on June 23, 2022.
             Was a Priest of Trog.
             Succumbed to a scorpion's poison
             ... on level 4 of the Dungeon.
             The game lasted 00:03:52 (3901 turns).

KristoblXynda the Skirmisher (DrBe)                 Turns: 3901, Time: 00:03:52

Health: -1/62      AC:  8    Str: 22    XL:     7   Next: 72%
Magic:  7/7        EV: 14    Int:  7    God:    Trog [***...]
Gold:   199        SH:  0    Dex: 14    Spells: 6/6 levels left

rFire   x . .      SeeInvis .   n - +10 dagger of Defence by Offence {drain, rF- rCorr Dex+4}
rCold   . . .      Faith    +   (no shield)
rNeg    . . .      Spirit   .   (body armour unavailable)
rPois   .          Reflect  .   (helmet restricted)
rElec   .          Harm     .   m - +0 cloak
rCorr   +          Rampage  .   (no gloves)
Will    +....                   k - +0 pair of boots
Stlth   +.........              v - amulet of faith
HPRegen 0.20/turn               (no ring)
MPRegen 0.10/turn               (no ring)

@: lethally poisoned (-1 -> -9), on berserk cooldown, slowed, very slow
A: breathe power, AC +6, unfitting armour, cold-blooded
a: Breathe Dispelling Energy, Renounce Religion, Berserk, Trog's Hand


You were on level 4 of the Dungeon.
You worshipped Trog.
Trog was most pleased with you.
You visited 1 branch of the dungeon, and saw 4 of its levels.

You collected 199 gold pieces.

Inventory:

Hand Weapons
 a - a +0 hand axe
 n - the +10 dagger of Defence by Offence (weapon) {drain, rF- rCorr Dex+4}
   (You found it on level 2 of the Dungeon)

   A truly terrible weapon, it drains the life of any living foe it strikes.
   Dex:       It affects your dexterity (+4).
   rF:        It makes you vulnerable to fire.
   rCorr:     It protects you from acid and corrosion.
 r - a +0 morningstar
Missiles
 e - 5 javelins (quivered)
Armour
 k - a +0 pair of boots (worn)
 m - a +0 cloak (worn)
Jewellery
 v - an amulet of faith (around neck)
Scrolls
 b - a scroll of fear {unknown}
 d - a scroll of noise {unknown}
 f - a scroll of enchant weapon {unknown}
 g - a scroll of teleportation {unknown}
 h - a scroll of fog {unknown}
 o - 4 scrolls of immolation {unknown}
 q - a scroll of enchant armour {unknown}
 t - a scroll of vulnerability {unknown}
 u - a scroll of magic mapping {unknown}
 w - a scroll of amnesia {unknown}
Potions
 c - a potion of berserk rage
 i - a potion of cancellation
 j - 5 potions of curing
 l - 2 potions of attraction
 p - a potion of lignification {unknown}
 s - a potion of flight


   Skills:
 + Level 5.8 Fighting
 + Level 5.3 Axes
 + Level 3.5 Throwing
 + Level 4.8 Dodging


You had 6 spell levels left.
You didn't know any spells.
Your spell library was empty.

Dungeon Overview and Level Annotations

Branches:
Dungeon (4/15)             Temple (0/1) D:4

Altars:

Shops:
D:2 (

Annotations:
D:4 Pikel


Innate Abilities, Weirdness & Mutations

You can breathe bolts of dispelling energy.
Your rich purple scales are hard. (AC +6)
You cannot fit into any form of body armour.
You are cold-blooded and may be slowed by cold attacks.


Message History

You puncture the lemure!
You kill the lemure!
That felt strangely unrewarding.
Pikel hits you with a +2 whip of freezing!
You feel as though you will be slow longer.
Pikel freezes you. The lemure hits you.
* * * LOW HITPOINT WARNING * * *
Pikel attacks as you move away!
Pikel hits you with a +2 whip of freezing.
* * * LOW HITPOINT WARNING * * *
You feel as though you will be slow longer.
Pikel freezes you.
* * * LOW HITPOINT WARNING * * *
The lemure hits you.
* * * LOW HITPOINT WARNING * * *
Okay, then.
A red film seems to cover your vision as you go berserk!
You feel yourself moving faster!
You feel mighty!
The scorpion stings you but does no damage.
Pikel hits you with a +2 whip of freezing.
* * * LOW HITPOINT WARNING * * *
You feel as though you will be slow longer.
Pikel freezes you.
* * * LOW HITPOINT WARNING * * *
The lemure completely misses you. The scorpion stings you.
* * * LOW HITPOINT WARNING * * *
You are lethally poisoned!
The scorpion poisons you! The scorpion attacks as you move away!
The scorpion misses you.
You feel a strong urge to attack something.
* * * LOW HITPOINT WARNING * * *
You feel very sick. The scorpion attacks as you move away!
The scorpion barely misses you.
Found a cloak.
* * * LOW HITPOINT WARNING * * *
You feel very sick.
You feel your anger nearly subside.
You are no longer berserk.
You are exhausted.
You feel as though you will be slow longer.
You die...

#.......#... #.........# #
#..>......# #.#####
#####+....<..#
#.....######..#.....$...#
####...............5..#.#
...#.....#.........K5..##
...#...#.....####.s.#...#
.......####.....@....#.....#
.......# #.####..#####?>.##
##.....# #.. ##... ....#
#....## #### ##..# .#...#
##...# #... ###.... ###.#
...# #..# #####.# ## .[...
..# ......# #.. .... ....).#
####.#


You could see Pikel, 2 lemures and a scorpion.

Vanquished Creatures
  Grinder (D:3)
  2 phantoms (D:4)
  2 lemures (D:4)
  4 orc priests
  A hound (D:3)
  Terence (D:2)
  Natasha (D:3)
  An iguana (D:4)
  4 orc wizards
  Robin (D:3)
  5 adders
  3 worms
  2 dart slugs
  8 orcs
  6 bats
  8 endoplasms
  3 giant cockroaches
  20 goblins
  9 hobgoblins
  4 jackals (D:2)
  2 quokkas
  4 ball pythons
  5 frilled lizards
  6 kobolds
  11 rats
114 creatures vanquished.

Vanquished Creatures (others)
  2 demonic plants (D:1)
2 creatures vanquished.

Grand Total: 116 creatures vanquished

Notes
Turn   | Place    | Note
-------+----------+-------------------------------------------
     0 | D:1      | KristoblXynda the Draconian Berserker began the quest for
                  | the Orb.
     0 | D:1      | Reached XP level 1. HP: 19/19 MP: 1/1
   137 | D:1      | Reached XP level 2. HP: 21/26 MP: 2/2
   841 | D:1      | Found a faded altar of an unknown god.
   970 | D:1      | Reached XP level 3. HP: 33/33 MP: 3/3
  1607 | D:2      | Reached ** piety under Trog
  1613 | D:2      | Reached skill level 1 in Throwing
  1874 | D:2      | Reached XP level 4. HP: 37/40 MP: 4/4
  1878 | D:2      | Noticed Terence
  1891 | D:2      | Killed Terence
  1966 | D:2      | Identified the +10 dagger of Defence by Offence {drain, rF-
                  | rCorr Dex+4}
  2131 | D:2      | Found Bylollam's Antique Weapon Emporium.
  2176 | D:2      | Reached XP level 5. HP: 47/47 MP: 5/5
  2532 | D:3      | Reached XP level 6. HP: 53/53 MP: 6/6
  2778 | D:3      | Reached *** piety under Trog
  2787 | D:3      | Noticed Robin
  2801 | D:3      | Reached skill level 5 in Fighting
  2804 | D:3      | Killed Robin
  3282 | D:3      | Noticed Natasha
  3286 | D:3      | Killed Natasha
  3397 | D:3      | Noticed Grinder
  3411 | D:3      | Killed Grinder
  3412 | D:3      | Reached skill level 5 in Axes
  3412 | D:3      | Your scales start taking on a rich purple colour.
  3412 | D:3      | Reached XP level 7. HP: 37/61 MP: 7/7
  3859 | D:4      | Found a staircase to the Ecumenical Temple.
  3884 | D:4      | Noticed Pikel
  3899 | D:4      | HP: 4/93 [poisoned by a scorpion]
  3900 | D:4      | HP: 1/93 [poisoned by a scorpion]
  3901 | D:4      | Succumbed to a scorpion's poison

Illustrated notes

Levels and vault maps discovered:
D:1:      lightli_arrival_farm, layout_basic,
          dreamdust_ecumenical_altar_sealed_demon, serial_corexii_hall,
          corexii_hall_statues_s, chequers_hall_statues_y,
          corexii_hall_statues_x, corexii_hall_statues_i,
          corexii_hall_statues_x, chequers_hall_statues_corner_a,
          hangedman_abyss_or_decor_lesser_grid
D:2:      cheibrodos_helix_gallery, layout_basic, serial_shops,
          nicolae_shop_statue_plus, uniq_terence
D:3:      layout_basic, uniq_robin, uniq_grinder, uniq_natasha
D:4:      layout_basic, mainiacjoe_overflow_swirl, minmay_temple_entry_arrows,
          uniq_pikel

Skill      XL: |  1  2  3  4  5  6 |
---------------+-------------------+-----
Dodging        | 3 4 |  4.8
Throwing       | 1 2 3 |  3.5
Fighting       | 4 5 |  5.8
Axes           | 4 5 |  5.3

Action                   |  1- 3 |  4- 6 |  7- 9 || total
-------------------------+-------+-------+-------++-------
Melee: Hand axe          |   133 |    57 |       ||   190
       Tailslap          |    15 |    11 |     2 ||    28
       Punch             |       |     3 |       ||     3
       Dagger            |       |    74 |    40 ||   114
Invok: Berserk           |       |     4 |       ||     4
  Use: Scroll            |       |       |     6 ||     6
       Potion            |       |       |     1 ||     1
 Stab: Sleeping          |     1 |       |       ||     1
Armor: Skin              |    50 |    65 |    16 ||   131
Dodge: Dodged            |    96 |   105 |    29 ||   230

Table legend: (Time is in decaauts)
 A = Elapsed time spent in this place.
 B = Non-inter-level travel time spent in this place.
 C = Inter-level travel time spent in this place.
 D = Time resting spent in this place.
 E = Time spent auto-exploring this place.
 F = Levels seen in this place.
 G = Mean time per level.
                   A        B        C        D        E       F      G
               +--------+--------+--------+--------+--------+-----+--------+
         Total |   3991 |   3612 |    379 |    542 |   2385 |   4 |  997.8 |
       Dungeon |   3991 |   3612 |    379 |    542 |   2385 |   4 |  997.8 |
               +--------+--------+--------+--------+--------+-----+--------+

Top non-repeatable levels by time:
     D:1: 1424 daAuts
     D:3: 1222 daAuts
     D:2: 1169 daAuts
     D:4: 175 daAuts
